Map: New Repugnancy LE

Players

Hellraiser

  • Race: Protoss Protoss
  • Spawn Location: 1:00

Elazer - Winner!

  • Race: Zerg Zerg
  • Spawn Location: 7:00

Event: IEM Season 13: Katowice (2019)

VOD

Have the link to the VOD?

Description

Time

  • Played on: Feb. 26, 2019, 9:12 a.m.
  • Length: 4:48

All games in this series

Show
View Real Time Build Order
Export as new Build Order

Hellraiser Protoss 

Build Orders: 1 Gate Expand 

Get SALT Encoding   

  12  0:00  Probe  
  13  0:12  Probe  
  14  0:19  Pylon  
  14  0:24  Probe  
  15  0:33  Probe  
  15  0:38  Gateway  
  15  0:41  Probe  
  16  0:46  Assimilator  
  17  0:52  Probe  
  18  1:04  Probe  
  18  1:09  Pylon  
  19  1:16  Probe  
  20  1:25  Nexus  
  20  1:36  Cybernetics Core  
  20  1:38  Probe  
  21  1:42  Assimilator  
  21  1:50  Probe  
  21  1:52  Pylon  
  22  2:02  Stalker  
  22  2:03  Probe  
  23  2:12  Warp Gate  
  23  2:15  Probe  
  26  2:27  Probe  
  27  2:32  Sentry  
  27  2:34  Probe  
  27  2:35  Probe  
  29  2:42  Probe  
  29  2:43  Probe  
  31  2:46  Robotics Facility  
  33  2:52  Probe  
  33  2:53  Probe  
  35  3:00  Gateway  
  35  3:04  Stalker  
  37  3:05  Probe  
  37  3:07  Probe  
  39  3:17  Probe  
  39  3:19  Probe  
  41  3:25  Immortal  
  41  3:28  Pylon  
  41  3:30  Probe  
  41  3:33  Twilight Council  
  46  3:49  Probe, Cybernetics Core  
  46  3:52  Immortal  
  47  3:57  Pylon  
  47  4:02  Adept  
  47  4:03  Adept  
  53  4:20  Gateway  
  53  4:22  Shield Battery  
  52  4:26  Zealot  
Show
View Real Time Build Order
Export as new Build Order

Elazer Zerg - Winner!

Build Orders: Pool First 

Get SALT Encoding   

  12  0:00  Drone  
  13  0:12  Overlord  
  13  0:16  Drone  
  14  0:30  Drone x2  
  14  0:35  Drone  
  17  0:44  Extractor  
  17  0:45  Drone  
  17  0:49  Spawning Pool  
  16  0:56  Drone  
  18  1:11  Drone  
  18  1:18  Drone  
  19  1:24  Hatchery  
  18  1:35  Queen  
  18  1:36  Zergling x2  
  21  1:44  Metabolic Boost  
  21  1:50  Overlord  
  21  1:53  Drone  
  23  2:08  Drone  
  23  2:11  Zergling x2  
  24  2:21  Lair  
  24  2:22  Zergling x2  
  25  2:33  Zergling x2  
  26  2:41  Queen  
  27  2:45  Zergling x8  
  31  2:55  Overlord  
  31  2:57  Zergling x2  
  32  3:09  Zergling x4  
  32  3:10  Zergling x4  
  36  3:19  Nydus Network  
  35  3:23  Queen  
  37  3:27  Zergling x2  
  37  3:28  Zergling x2  
  39  3:40  Zergling x8  
  43  3:55  Nydus Canal  
  41  3:57  Zergling x6  
  41  4:01  Zergling x4  
  43  4:05  Zergling x2  
  43  4:11  Nydus Canal  
  43  4:21  Zergling x4  
  41  4:28  Zergling x4  

Tags
 
Add a new tag
Caveats
  • Supply blocks, unpowered buildings, or Contaminate may cause inaccurate times.
  • Supply counts are checked every 10 seconds.